 Dungeon Crawl Stone Soup version 0.32-a0-699-g1ee5eff69a (webtiles) character file.

Game seed: 6933555986512800038

106143 Pooter the Fighter (level 15, -1/152 HPs)
             Began as a Minotaur Fighter on Mar 12, 2024.
             Was the Champion of Okawaru.
             Slain by a tyrant leech (13 damage)
             ... on level 4 of the Swamp on Mar 14, 2024.
             The game lasted 02:43:18 (28907 turns).

Pooter the Fighter (Minotaur Fighter)              Turns: 28907, Time: 02:43:18

Health: -1/152     AC: 39    Str: 32    XL:     15   Next: 96%
Magic:  21/21      EV: 11    Int:  9    God:    Okawaru [******]
Gold:   363        SH: 23    Dex: 21    Spells: 14/14 levels left

rFire   . . .        w - +9 lance "Wyrmbane" {slay drac, rPois rF+ rC+ AC+3}
rCold   + + +        L - +4 tower shield {rC+}
rNeg    . . .        v - +14 crystal plate armour "Peelu" {rC++}
rPois   +            (helmet restricted)
rElec   .            (no cloak)
rCorr   .            G - +2 pair of gloves {Str+3}
SInv    .            (no boots)
Will    +....        (no amulet) Stlth
                     k - ring "Ceatut" {Fly rF- Dex+4 Slay+4}
HPRegen 0.45/turn    V - ring of Zarphaiph {Fly Str+3 Dex+7}
MPRegen 0.17/turn

%: no passive effects
@: about to teleport, heroic, flying, studying Ice Magic
A: horns 2, retaliatory headbutt, clever 1, robust 1, wild magic 1
a: Renounce Religion, Heroism, Finesse, Duel


You were on level 4 of the Swamp.
You worshipped Okawaru.
Okawaru was exalted by your worship.
You visited 4 branches of the dungeon, and saw 22 of its levels.
You also visited: Ossuary and Ice Cave.

You collected 2045 gold pieces.
You spent 1682 gold pieces at shops.

Inventory:

Hand Weapons
 a - a +3 heavy war axe
   (You found it on level 3 of the Lair of Beasts)
 b - a +6 hand cannon of flaming
   (Okawaru gifted it to you on level 1 of the Swamp)
 w - the +9 lance "Wyrmbane" (weapon) {slay drac, rPois rF+ rC+ AC+3}
   (You found it on level 3 of the Dungeon)

   AC+3:      It affects your AC (+3).
   rF+:       It protects you from fire.
   rC+:       It protects you from cold.
   rPois:     It protects you from poison.
Missiles
 d - 6 throwing nets {!f}
 o - 31 boomerangs (quivered)
 E - 12 curare-tipped darts
 J - 3 datura-tipped darts
 N - 9 silver javelins
 Q - 7 atropa-tipped darts
 U - 14 javelins
Armour
 c - the +0 plate armour of Generosity {Int+4 Dex+3}
   (You found it on level 9 of the Dungeon)

   Int+4:     It affects your intelligence (+4).
   Dex+3:     It affects your dexterity (+3).
 h - a scarf of invisibility
   (You found it on level 4 of the Lair of Beasts)
 v - the +14 crystal plate armour "Peelu" (worn) {rC++}
   (Okawaru gifted it to you on level 1 of the Swamp)

   rC++:      It greatly protects you from cold.
 G - a +2 pair of gloves of strength (worn)
   (You bought it in a shop on level 4 of the Dungeon)
 L - a +4 tower shield of cold resistance (worn)
   (You found it in an ice cave)
 O - +1 shadow dragon scales
   (You found it on level 7 of the Dungeon)
 P - an orb of energy
   (You found it on level 2 of the Swamp)
Jewellery
 k - the ring "Ceatut" (left hand) {Fly rF- Dex+4 Slay+4}
   (You bought it in a shop on level 4 of the Dungeon)

   [ring of slaying]

   Dex+4:     It affects your dexterity (+4).
   Slay+4:    It affects your accuracy & damage with ranged weapons and melee
   (+4).
   rF-:       It makes you vulnerable to fire.
   Fly:       It grants you flight.
 n - a +6 ring of dexterity
   (You found it on level 2 of the Dungeon)
 p - a +3 ring of strength
   (You bought it in a shop on level 4 of the Dungeon)
 I - a ring of willpower
   (You found it on level 6 of the Dungeon)
 M - the ring of Activism {rN+ Str+2 Int+6}
   (You found it in an ice cave)

   [ring of intelligence]

   Str+2:     It affects your strength (+2).
   Int+6:     It affects your intelligence (+6).
   rN+:       It protects you from negative energy.
 R - a ring of ice
   (You found it on level 8 of the Dungeon)
 V - the ring of Zarphaiph (right hand) {Fly Str+3 Dex+7}
   (You found it on level 9 of the Dungeon)

   [ring of flight]

   Str+3:     It affects your strength (+3).
   Dex+7:     It affects your dexterity (+7).
   Fly:       It grants you flight.
Wands
 f - a wand of flame (3)
   (You found it on level 1 of the Lair of Beasts)
 x - a wand of acid (14)
   (You took it off Ijyb on level 5 of the Dungeon)
 D - a wand of digging (16)
   (You found it on level 4 of the Swamp)
 H - a wand of mindburst (23)
   (You found it on level 10 of the Dungeon)
 W - a wand of polymorph (6)
   (You found it on level 3 of the Swamp)
 Y - a wand of warping (7)
   (You found it on level 1 of the Lair of Beasts)
Scrolls
 g - 4 scrolls of noise {!r}
 i - 2 scrolls of identify {@r1}
 j - 3 scrolls of brand weapon
 r - 4 scrolls of vulnerability {!r}
 t - 4 scrolls of teleportation {@r4}
 A - 2 scrolls of immolation {!r}
 K - 2 scrolls of enchant armour
 S - a scroll of revelation
 T - 2 scrolls of fog
 Z - 6 scrolls of poison {!r}
Potions
 e - 4 potions of brilliance
 l - a potion of haste {@q3}
 m - a potion of resistance
 q - 3 potions of mutation {!q}
 s - 3 potions of invisibility
 u - a potion of heal wounds {@q2}
 y - 2 potions of lignification {!q}
 z - 6 potions of attraction {!q}
 B - 4 potions of enlightenment
 F - 6 potions of curing {@q1}
 X - a potion of might


   Skills:
 + Level 14.4(19.4) Fighting
 * Level 12.2(19.1) Axes
 - Level 11.6(18.8) Polearms
 - Level 12.9(17.9) Ranged Weapons
 + Level 8.7(13.7) Throwing
 - Level 3.6(8.6) Armour
 + Level 7.9(12.9) Dodging
 + Level 9.3(14.3) Stealth
 - Level 7.0(12.0) Shields
 + Level 10.0 Invocations
 - Level 6.5 Evocations


You had 14 spell levels left.
You didn't know any spells.
Your spell library contained the following spells:

 Spells                   Type           Power      Damage    Failure   Level
 Foxfire                  Conj/Fire      0%         2x1d4     100%        1
 Kiss of Death            Conj/Necr      0%         2d5       100%        1
 Magic Dart               Conj           0%         1d3       100%        1
 Necrotise                Necr           0%         1d4       100%        1
 Shock                    Conj/Air       0%         1d3       100%        1
 Blink                    Tloc           0%         N/A       100%        2
 Cigotuvi's Dreadful Rot  Necr/Alch/Air  0%         N/A       100%        2
 Sublimation of Blood     Necr           0%         N/A       100%        2
 Confusing Touch          Hex            0%         N/A       100%        3
 Dazzling Flash           Conj/Hex       0%         N/A       100%        3
 Frozen Ramparts          Ice            0%         1d1       100%        3
 Inner Flame              Hex/Fire       0%         N/A       100%        3
 Ozocubu's Armour         Ice            0%         N/A       100%        3
 Passwall                 Erth           0%         N/A       100%        3
 Sigil of Binding         Hex            0%         N/A       100%        3
 Swiftness                Air            0%         N/A       100%        3
 Vampiric Draining        Necr           0%         2d6       100%        3
 Volatile Blastmotes      Fire/Tloc      0%         2d10      100%        3
 Airstrike                Air            0%         2d(0-16)  100%        4
 Dimensional Bullseye     Hex/Tloc       0%         N/A       100%        4
 Dispel Undead            Necr           0%         3d6       100%        4
 Ignite Poison            Fire/Alch      0%         N/A       100%        4
 Leda's Liquefaction      Alch/Erth      0%         N/A       100%        4
 Petrify                  Alch/Erth      0%         N/A       100%        4
 Curse of Agony           Necr           0%         N/A       100%        5
 Freezing Cloud           Conj/Ice/Air   0%         6-21      100%        5
 Irradiate                Conj/Alch      0%         3d11      100%        5
 Lee's Rapid Deconstruct  Erth           0%         3d4*      100%        5
 Metabolic Englaciation   Hex/Ice        0%         N/A       100%        5
 Bombard                  Conj/Erth      0%         9d1       100%        6
 Permafrost Eruption      Ice/Erth       0%         2x4d2     100%        6
 Plasma Beam              Fire/Air       0%         2x1d10    100%        6
 Starburst                Conj/Fire      0%         6d3       100%        6
 Ignition                 Fire           0%         3d3       100%        8
 Maxwell's Capacitive Co  Air            0%         ∞         100%        8
 Call Imp                 Summ           Unusable   N/A       N/A         2
 Call Canine Familiar     Summ           Unusable   N/A       N/A         3
 Martyr's Knell           Necr/Summ      Unusable   N/A       N/A         4

Dungeon Overview and Level Annotations

Branches:
Dungeon (11/15) Zot: 23579  Temple (0/1) D:5            Lair (5/5) D:9 Zot: 21355
  Swamp (4/4) Lair:2 Zot: 17680  Spider (0/4) Lair:2        Slime (0/5) Lair:4
    Orc (2/2) D:9 Zot: 9969     Elf (0/3) Orc:2       Ossuary (visited)
  IceCv (visited)

Altars:
Elyvilon
Fedhas
Hepliaklqana
Kikubaaqudgha
Nemelex Xobeh
Okawaru
Ru
Sif Muna
Trog
Uskayaw
Xom
Yredelemnul
The Shining One
Jiyva

Shops:
D:4 ==(*   D:6 (   Orc:2 ([:!

Annotations:
D:7 1 runed translucent door, Crazy Yiuf
Lair:5 exclusion: orange crystal statue
Orc:2 2 transporters, Sobieck's ghost, adept CoGl


Innate Abilities, Weirdness & Mutations

You have a pair of horns on your head.
You reflexively headbutt those who attack you in melee.
Your mind is acute. (Int +4, Str/Dex -1)
You are robust. (+10% HP)
Your spells are a little harder to cast, but a little more powerful.


Message History

The five-headed hydra bites you but does no damage. x3
The five-headed hydra bites you.
* * * LOW HITPOINT WARNING * * *
The five-headed hydra bites you.
* * * LOW HITPOINT WARNING * * *
The tyrant leech bites you but does no damage.
The fenstrider witch points at you and mumbles some strange words.
Your body is wracked with pain!
* * * LOW HITPOINT WARNING * * *
The swamp worm bites you but does no damage.
You can move again.
Blink to where?
Press: ? - help, Dir - move target
Found a potion of lignification.
As you read the scroll of blinking, it crumbles to dust.
The air fills with toxic fumes!
As you read the scroll of poison {!r}, it crumbles to dust.
As you read the scroll of teleportation {@r4}, it crumbles to dust.
You feel strangely unstable.
The swamp worm fires a harpoon shot at you.
You block the harpoon shot.
Aiming: Warp Space
Press: ? - help, Shift-Dir - straight line, f - fenstrider witch
Aim: a fenstrider witch, wearing a +0 robe (poison gas) Space twists violently!
The rupture engulfs the fenstrider witch!
The fenstrider witch blinks!
You hear a shout!
You hear a screech!
You hear a shout!
The tyrant leech no longer looks unusually strong.
The swamp worm fires a harpoon shot at you.
The harpoon shot misses you.
The tyrant leech is engulfed in poison gas.
The tyrant leech is poisoned.
The tyrant leech looks even sicker.
Aiming: Warp Space
Press: ? - help, Shift-Dir - straight line, f - tyrant leech, p - fenstrider witch
Aim: a tyrant leech (poison gas, lightly wounded, very poisoned) Space twists violently!
The rupture engulfs the tyrant leech!
The swamp worm no longer looks unusually strong.
The tyrant leech is engulfed in poison gas.
The tyrant leech looks even sicker.
Aiming: Warp Space
Press: ? - help, Shift-Dir - straight line, f/p - tyrant leech
Aim: a tyrant leech (poison gas, moderately wounded, very poisoned)
Okay, then.
You closely miss the tyrant leech. You barely miss the tyrant leech.
The tyrant leech is engulfed in poison gas.
The tyrant leech looks as sick as possible!
The tyrant leech bites you!
You die...

§~#♣~~§#D## ~♣
.##.~~.#.§##
~#♣)§~~##..## ##
.#(~~.~♣#§§~♣#♣§
#)..~~.~##♣wH§§§♣
#~?~♣~~~.##§§§§§#
#~.§~.~~##♣§§§D§♣
#.§~~♣###
♣§§ßDw♣# #~~♣##
~.♣§§@# #♣♣#
♣♣♣♣♣#§§§§§#
§##### ☼§ ♣♣♣


You could see a seven-headed hydra, a five-headed hydra, a fenstrider witch, a
tyrant leech (extremely poisoned) and a swamp worm.

Vanquished Creatures
  Jorgrun (Swamp:1)
  Frances (Arena)
  A thorn hunter (Swamp:1)
  3 fenstrider witches
  The ghost of gimp the Grappler, a journeyman OnSh of Trog (Lair:5)
  6 eleionomae
  2 bunyips (Swamp:3)
  A minotaur (Lair:5)
  A blizzard demon (Swamp:4)
  Harold (Orc:1)
  12 hydras
  7 alligators
  A ghost crab (Swamp:3)
  3 catoblepae
  3 ogre magi (Swamp:4)
  A boulder beetle (Lair:2)
  8 death yaks (Lair:4)
  Urug (Lair:2)
  A spriggan berserker (Swamp:3)
  2 orc high priests (Orc:2)
  Nergalle (Lair:2)
  A sixfirhy (Swamp:4)
  2 skysharks (Lair:5)
  5 spriggan druids
  5 goliath frogs
  4 swamp dragons
  3 bog bodies
  A lindwurm (Lair:4)
  Pikel (D:5)
  An ugly thing (IceCv)
  6 orc sorcerers
  3 will-o-the-wisps
  A cyclops (D:9)
  6 elephants (Lair:3)
  A kobold blastminer (Orc:2)
  5 black mambas
  3 ice statues (IceCv)
  A torpor snail (Lair:5)
  29 cane toads
  3 orange demons (Swamp:4)
  2 smoke demons (Swamp:4)
  3 rime drakes
  An anaconda simulacrum (IceCv)
  9 komodo dragons
  A freezing wraith (IceCv)
  A tengu conjurer (D:9)
  12 tyrant leeches
  A bloated husk (Swamp:1)
  A hellwing (Swamp:4)
  2 polar bears
  11 hornets
  14 blink frogs
  A jumping spider (Lair:2)
  A dire elephant simulacrum (IceCv)
  A culicivora (Lair:2)
  12 spriggans
  11 yaks
  9 wyverns
  3 wargs
  5 basilisks
  2 death yak simulacra (IceCv)
  2 steam dragons
  4 chaos spawn (Swamp:4)
  12 vampire mosquitoes
  A harpy simulacrum (IceCv)
  19 swamp worms
  3 acid dragons
  16 water moccasins
  Duvessa (D:5)
  19 orc warriors
  2 swamp drakes
  A black bear (shapeshifter) (D:9)
  4 black bears
  3 ice beasts
  An ogre (D:6)
  3 centaurs
  18 wolves
  A phantom (D:7)
  A weeping skull (Ossuary)
  16 bullfrogs
  2 two-headed ogre simulacra (D:11)
  2 gnoll sergeants
  5 scorpions
  5 wights (D:9)
  Dowan (D:5)
  14 killer bees
  5 electric eels
  2 howler monkeys
  5 bombardier beetles
  A bullfrog zombie (D:5)
  5 centaur zombies (Ossuary)
  2 lava snakes (Lair:5)
  5 hounds
  21 orc priests
  A gnoll bouda (D:7)
  6 jellies
  4 iguanas
  A sleepcap (D:4)
  Ijyb (D:5)
  Terence (D:3)
  39 orc wizards
  6 hell rats (Lair:2)
  2 spriggan simulacra (D:11)
  A polar bear simulacrum (IceCv)
  2 wolf simulacra (IceCv)
  A crocodile zombie (Ossuary)
  5 hound zombies
  A howler monkey zombie (D:5)
  3 mummies (Ossuary)
  7 adders
  23 gnolls
  A naga simulacrum (D:11)
  2 shadow imps
  2 white imps (D:7)
  2 adder skeletons (D:3)
  4 adder zombies
  A dart slug (D:1)
  3 ribbon worms
  58 orcs
  6 bats
  8 endoplasms
  4 giant cockroaches
  2 gnoll zombies (Ossuary)
  11 goblins
  6 hobgoblins
  5 jackals
  8 kobolds
  4 quokkas
  6 ball pythons
  A ball python skeleton (D:3)
  5 ball python zombies (Ossuary)
  4 frilled lizards
  4 jackal zombies (Ossuary)
  5 kobold zombies (Ossuary)
  An orc zombie (Ossuary)
  2 rats
  A butterfly (Lair:4)
704 creatures vanquished.

Vanquished Creatures (others)
  2 bloated husks
  A vampire mosquito (Swamp:2)
  12 foxfires
15 creatures vanquished.

Grand Total: 719 creatures vanquished

Notes
Turn   | Place    | Note
-------+----------+-------------------------------------------
     0 | D:1      | Pooter the Minotaur Fighter began the quest for the Orb.
     0 | D:1      | Reached XP level 1. HP: 19/19 MP: 0/0
   114 | D:1      | Reached XP level 2. HP: 25/27 MP: 1/1
   181 | D:1      | Reached skill level 1 in Throwing
  1220 | D:2      | Reached XP level 3. HP: 33/33 MP: 2/2
  1225 | D:2      | Reached skill level 4 in Fighting
  1274 | D:2      | Reached XP level 4. HP: 13/40 MP: 3/3
  1924 | D:3      | Noticed Terence
  1931 | D:3      | Killed Terence
  1932 | D:3      | Reached XP level 5. HP: 32/47 MP: 4/4
  2160 | D:3      | Found the +8 lance "Wyrmbane" {slay drac, rPois rF+ rC+
                  | AC+3}
  2185 | D:3      | Found a bloodstained altar of Trog.
  2274 | D:3      | Found a hazy altar of Hepliaklqana.
  2723 | D:4      | Found Ujissaud's Antique Weapon Boutique.
  2737 | D:4      | Bought an orcbow for 87 gold pieces
  2752 | D:4      | Reached skill level 1 in Polearms
  2988 | D:4      | Found Opranlad's Jewellery Shoppe.
  3016 | D:4      | Reached skill level 1 in Ranged Weapons
  3023 | D:4      | Reached XP level 6. HP: 55/55 MP: 5/5
  3042 | D:4      | Found Gohu's One-of-a-Kind Rings.
  3050 | D:4      | Bought a +3 ring of strength for 110 gold pieces
  3154 | D:4      | Reached skill level 5 in Fighting
  3181 | D:4      | Found a blossoming altar of Fedhas.
  3181 | D:4      | Found an iron altar of Okawaru.
  3186 | D:4      | Became a worshipper of Warmaster Okawaru
  3244 | D:4      | Found Oxiecero's General Store.
  3610 | D:5      | Entered Level 5 of the Dungeon
  3610 | D:5      | Noticed Pikel
  3638 | D:5      | Found a sand-covered staircase.
  3650 | D:4      | HP: 1/84 [gnoll/+0 flail (7)]
  3858 | Ossuary  | Entered an ossuary
  3929 | Ossuary  | Reached XP level 7. HP: 55/61 MP: 6/6
  4015 | Ossuary  | Reached * piety under Okawaru
  4114 | Ossuary  | Reached skill level 5 in Polearms
  4216 | D:5      | Reached skill level 6 in Fighting
  4296 | D:5      | Found an ancient bone altar of Kikubaaqudgha.
  4339 | D:5      | Noticed Ijyb
  4349 | D:5      | Reached XP level 8. HP: 69/70 MP: 7/7
  4353 | D:5      | Killed Ijyb
  4353 | D:5      | Reached ** piety under Okawaru
  4354 | D:5      | Reached skill level 5 in Ranged Weapons
  4369 | D:5      | Killed Pikel
  4561 | D:5      | Found a basalt altar of Yredelemnul.
  4577 | D:5      | Found a staircase to the Ecumenical Temple.
  4583 | D:5      | Reached skill level 7 in Fighting
  4780 | D:5      | Noticed Duvessa
  4780 | D:5      | Noticed Dowan
  4789 | D:5      | Killed Duvessa
  4807 | D:5      | Killed Dowan
  4807 | D:5      | Reached *** piety under Okawaru
  4854 | D:5      | Reached XP level 9. HP: 79/79 MP: 8/8
  5222 | D:4      | Bought a +2 pair of gloves of strength for 236 gold pieces
  5826 | D:6      | Found Xareriargh's Antique Weapon Emporium.
  6005 | D:6      | Gained mutation: You do not regenerate when monsters are
                  | visible. [potion of mutation]
  6005 | D:6      | Gained mutation: You are agile. (Dex +4, Str/Int -1)
                  | [potion of mutation]
  6005 | D:6      | Gained mutation: You are covered in fur. (AC +1) [potion of
                  | mutation]
  6006 | D:6      | Lost mutation: You do not regenerate when monsters are
                  | visible. [potion of mutation]
  6006 | D:6      | Lost mutation: You are agile. (Dex +4, Str/Int -1) [potion
                  | of mutation]
  6006 | D:6      | Lost mutation: You are covered in fur. (AC +1) [potion of
                  | mutation]
  6006 | D:6      | Gained mutation: You have an increased reservoir of magic.
                  | (+10% MP) [potion of mutation]
  6006 | D:6      | Gained mutation: Your spells are a little harder to cast,
                  | but a little more powerful. [potion of mutation]
  6007 | D:6      | Lost mutation: Your spells are a little harder to cast, but
                  | a little more powerful. [potion of mutation]
  6007 | D:6      | Lost mutation: You have an increased reservoir of magic.
                  | (+10% MP) [potion of mutation]
  6007 | D:6      | Gained mutation: Your spells are a little harder to cast,
                  | but a little more powerful. [potion of mutation]
  6007 | D:6      | Gained mutation: You are robust. (+10% HP) [potion of
                  | mutation]
  6007 | D:6      | Gained mutation: Your mind is acute. (Int +4, Str/Dex -1)
                  | [potion of mutation]
  6207 | D:7      | Found a white marble altar of Elyvilon.
  6298 | D:6      | Reached skill level 8 in Fighting
  6498 | D:7      | Found a runed translucent door.
  6499 | D:7      | Noticed Crazy Yiuf
  6605 | D:7      | Identified the +4 scale mail of Cazidwam {^Drain rElec
                  | rPois Int-3}
  6647 | D:7      | Found a hide-covered altar of Uskayaw.
  6752 | D:7      | Found a shimmering blue altar of Sif Muna.
  6955 | D:7      | Reached **** piety under Okawaru
  6959 | D:7      | Reached skill level 1 in Invocations
  7067 | D:8      | Reached skill level 1 in Stealth
  7163 | D:8      | Reached XP level 10. HP: 99/99 MP: 8/10
  7235 | D:8      | Reached skill level 10 in Polearms
  7263 | D:8      | You fall into a shaft and drop 3 floors!
  7280 | D:11     | Found a frozen archway.
  7305 | IceCv    | Entered an ice cave
  7387 | IceCv    | Noticed a white ugly thing
  7388 | IceCv    | Noticed an ice statue
  7422 | IceCv    | Killed a white ugly thing
  7457 | IceCv    | Noticed an ice statue
  7458 | IceCv    | Noticed an ice statue
  7474 | IceCv    | Killed an ice statue
  7847 | IceCv    | Killed an ice statue
  7853 | IceCv    | Reached skill level 9 in Fighting
  7958 | IceCv    | Identified the ring of Activism {rN+ Str+2 Int+6}
  7987 | IceCv    | Killed an ice statue
  7988 | IceCv    | Reached skill level 10 in Ranged Weapons
  8115 | D:10     | Entered Level 10 of the Dungeon
  8436 | D:10     | Found a glowing golden altar of the Shining One.
  9004 | D:9      | Found a sparkling altar of Nemelex Xobeh.
  9097 | D:9      | Found a shimmering altar of Xom.
  9099 | D:9      | Reached XP level 11. HP: 106/106 MP: 12/12
  9101 | D:9      | Found a shimmering altar of Xom.
  9103 | D:9      | Found a shimmering altar of Xom.
  9103 | D:9      | Found a shimmering altar of Xom.
  9111 | D:9      | Found a shimmering altar of Xom.
  9112 | D:9      | Found a shimmering altar of Xom.
  9278 | D:9      | Found a shimmering altar of Xom.
  9451 | D:9      | Found a runed translucent door.
  9452 | D:9      | Noticed an eight-headed hydra
  9461 | D:9      | Killed an eight-headed hydra
  9461 | D:9      | Reached ***** piety under Okawaru
  9728 | D:9      | Noticed a catoblepas
  9749 | D:9      | Killed a catoblepas
  9897 | D:9      | Found a staircase to the Lair.
  9948 | D:9      | Reached skill level 10 in Fighting
 10049 | D:9      | Found a staircase to the Orcish Mines.
 10185 | D:9      | Identified the ring of Zarphaiph {Fly Str+3 Dex+7}
 10189 | D:9      | Identified the +0 plate armour of Generosity {Int+4 Dex+3}
 10423 | D:10     | Found a sacrificial altar of Ru.
 10970 | D:10     | Reached skill level 1 in Dodging
 11068 | Orc:1    | Entered Level 1 of the Orcish Mines
 11073 | Orc:1    | Reached skill level 5 in Invocations
 11214 | Orc:2    | Entered Level 2 of the Orcish Mines
 11214 | Orc:2    | Found a staircase to the Elven Halls.
 11221 | Orc:2    | Reached skill level 1 in Evocations
 11317 | Orc:1    | Noticed Harold
 11329 | Orc:1    | Received a gift from Okawaru
 11338 | Orc:1    | Killed Harold
 11494 | Orc:2    | Noticed an orc high priest
 11951 | Orc:2    | Killed an orc high priest
 11956 | Orc:2    | Reached skill level 5 in Stealth
 11959 | Orc:2    | Noticed an orc sorcerer
 11968 | Orc:2    | Killed an orc sorcerer
 12018 | Orc:2    | Noticed an orc sorcerer
 12033 | Orc:2    | Noticed a sixfirhy
 12224 | Orc:2    | Paralysed by an orc sorcerer for 3 turns
 12228 | Orc:2    | Killed an orc sorcerer
 12229 | Orc:2    | Reached skill level 5 in Shields
 12229 | Orc:2    | Reached XP level 12. HP: 103/118 MP: 12/15
 12303 | Orc:2    | Paralysed by an orc sorcerer for 3 turns
 12352 | Orc:2    | Found Cemafelu's Book Boutique.
 12352 | Orc:2    | Found Cuecieda's Distillery.
 12353 | Orc:2    | Found Moblennet's Antique Armour Shop.
 12356 | Orc:2    | Noticed an orc high priest
 12359 | Orc:2    | Found Rirph's Antique Weapon Shop.
 12372 | Orc:2    | Killed an orc high priest
 12402 | Orc:2    | Bought a potion of haste for 150 gold pieces
 12488 | Orc:2    | Found a transporter.
 12494 | Orc:2    | Noticed a two-headed ogre
 12500 | Orc:2    | Noticed a two-headed ogre
 12512 | Orc:2    | Reached skill level 11 in Fighting
 12789 | D:4      | Bought a scroll of fear for 44 gold pieces
 12789 | D:4      | Bought a scroll of blinking for 82 gold pieces
 13089 | Orc:2    | Noticed Sobieck's ghost (adept CoGl)
 13090 | Orc:2    | Found a bloodstained altar of Trog.
 13100 | Orc:2    | Noticed an orc warlord
 13111 | Orc:2    | Found a transporter.
 13609 | Lair:1   | Entered Level 1 of the Lair of Beasts
 14501 | Lair:2   | Noticed Urug
 14505 | Lair:2   | Noticed a five-headed hydra
 14520 | Lair:2   | Killed Urug
 14525 | Lair:2   | Killed a five-headed hydra
 14531 | Lair:2   | Received a gift from Okawaru
 14532 | Lair:2   | Reached skill level 5 in Dodging
 14661 | Lair:2   | Found a hole to the Spider Nest.
 14743 | Lair:2   | Upgraded the game from 0.32-a0-685-g93135e86f0 to
                  | 0.32-a0-699-g1ee5eff69a
 15004 | Lair:2   | Noticed Nergalle
 15015 | Lair:2   | Killed Nergalle
 15016 | Lair:2   | Reached XP level 13. HP: 128/128 MP: 17/17
 15027 | Lair:2   | You are sucked into a shaft and drop 2 floors!
 15048 | Lair:4   | Found a viscous altar of Jiyva.
 15048 | Lair:4   | Found a staircase to the Slime Pits.
 15077 | Lair:4   | Received a gift from Okawaru
 15275 | Lair:3   | Reached skill level 12 in Fighting
 15456 | Lair:2   | Reached skill level 5 in Throwing
 15737 | Lair:2   | Received a gift from Okawaru
 15920 | Lair:2   | Found a staircase to the Swamp.
 15932 | Lair:2   | Reached skill level 5 in Evocations
 16615 | Lair:4   | Reached skill level 5 in Axes
 16843 | Lair:4   | Identified the +2 helmet "Vetwuoc" {rF+ Will+}
 17554 | Lair:5   | Entered Level 5 of the Lair of Beasts
 17587 | Lair:5   | Found a runed translucent gate.
 17587 | Lair:5   | Found a runed translucent gate.
 17587 | Lair:5   | Found a runed translucent gate.
 17594 | Lair:5   | Noticed a minotaur
 17594 | Lair:5   | Found the +4 Cigotuvi's embrace {Corpsefed rMiasma ^Drain
                  | rN+}
 17594 | Lair:5   | Noticed gimp's ghost (journeyman OnSh)
 17746 | Lair:5   | Received a gift from Okawaru
 18473 | Lair:5   | Reached XP level 14. HP: 89/139 MP: 19/19
 19039 | Lair:5   | Received a gift from Okawaru
 20019 | Lair:5   | Identified the +0 scale mail "Buohel" {rCorr}
 20324 | Lair:5   | Reached skill level 13 in Fighting
 20462 | Lair:5   | Received a gift from Okawaru
 21582 | Lair:5   | Killed gimp's ghost
 21904 | D:4      | Bought the ring "Ceatut" {Fly rF- Dex+4 Slay+4} for 973
                  | gold pieces
 22188 | Swamp:1  | Entered Level 1 of the Swamp
 22790 | Swamp:1  | Received a gift from Okawaru
 23455 | Swamp:1  | Noticed Jorgrun
 23467 | Swamp:1  | Killed Jorgrun
 23467 | Swamp:1  | Reached ****** piety under Okawaru
 23467 | Swamp:1  | Received a gift from Okawaru
 23468 | Swamp:1  | Acquired a +1 hand cannon of flaming
 23468 | Swamp:1  | Received a gift from Okawaru
 23476 | Swamp:1  | Acquired the +14 crystal plate armour "Peelu" {rC++}
 23476 | Swamp:1  | Received a gift from Okawaru
 23918 | Swamp:2  | Reached XP level 15. HP: 68/149 MP: 20/20
 23923 | Swamp:1  | Reached skill level 10 in Axes
 24203 | Swamp:2  | Noticed a thorn hunter
 24225 | Swamp:1  | Killed a thorn hunter
 24573 | Swamp:2  | Received a gift from Okawaru
 24700 | Swamp:2  | Noticed Frances
 24709 | Arena    | Entered the Arena
 24715 | Arena    | Killed Frances
 25704 | Swamp:3  | Noticed a fenstrider witch
 25706 | Arena    | Entered the Arena
 25710 | Arena    | Killed a fenstrider witch
 25742 | Swamp:3  | Reached skill level 14 in Fighting
 26035 | Swamp:4  | Entered Level 4 of the Swamp
 26405 | Swamp:4  | Noticed a fenstrider witch
 26473 | Swamp:3  | Received a gift from Okawaru
 26799 | Swamp:4  | Killed a fenstrider witch
 28741 | Swamp:4  | Reached skill level 10 in Invocations
 28848 | Swamp:4  | Noticed a fenstrider witch
 28855 | Swamp:4  | Killed a fenstrider witch
 28892 | Swamp:4  | Received a gift from Okawaru
 28892 | Swamp:4  | Noticed a fenstrider witch
 28896 | Swamp:4  | Paralysed by a fenstrider witch for 5 turns
 28907 | Swamp:4  | Slain by a tyrant leech

Illustrated notes

Levels and vault maps discovered:
D:1:      lemuel_arrival_rhombus, layout_basic, hangedman_abyss_or_decor_stabs
D:2:      minmay_inner_zag, layout_basic
D:3:      layout_loops_corners, mainiacjoe_overflow_alcove_1,
          mainiacjoe_overflow_boulevard, serial_undead, serial_undead_b,
          serial_undead_c, serial_undead_d, serial_undead_c, uniq_terence
D:4:      layout_cave_pools, gammafunk_temple_overflow_statue, serial_shops,
          shop, nicolae_inconvenience_store, nicolae_shop_trees,
          grunt_ministairs_3, nicolae_shop_unique_rings,
          chequers_serial_rivers_small_a, chequers_garden
D:5:      layout_cave_pools, amcnicky_altar_gilded,
          nicolae_yredelemnul_corpse_copse, temple_statues,
          nicolae_ossuary_entry_ruins, minmay_puff, uniq_duvessa, uniq_pikel,
          uniq_ijyb
D:6:      layout_basic, serial_shops, shop, hex_tiny
D:7:      layout_rooms, mainiacjoe_overflow_alcove_4,
          mainiacjoe_overflow_alcove_2, lemuel_tele_altar,
          chequers_serial_rivers_small_a, uniq_crazy_yiuf_cottage
D:8:      layout_rooms, nicolae_twisty_statue_hallways
D:9:      layout_rooms, nicolae_xom_altar_mimics, nemelex_spade_bored_becter,
          erik_lair_dragon, orc_0_dummy, minivault_13
D:10:     layout_basic, mainiacjoe_overflow_cross_hatched,
          nicolae_ru_awakened_eye, amcnicky_mini_pool_small
D:11:     erik_rubicon_a, layout_long_grid, serial_shops, bzr_entry_safe,
          portal_ice_cave_entry_ice_simulacra, minivault_7
Lair:1:   layout_chaotic_city, lemuel_fruit_fields
Lair:2:   layout_gridlike, nicolae_swamp_entry_splash_gauntlet,
          spider_nest_entry_funnel_web, beast_lair_carwin_8, uniq_urug,
          uniq_nergalle
Lair:3:   layout_gridlike, eino_small_chamber_without_monster,
          infiniplex_staircase_pool
Lair:4:   layout_cave_pods, dpeg_slime_entry_corner, serial_bayou_shore_b,
          lemuel_fruit_fields, serial_bayou_shore_a
Lair:5:   minmay_lair_end_frog_pond, layout_long_grid,
          maelrawn_ghost_gauntlet_escape, disabler_island
Swamp:1:  layout_basic_swamp, nicolae_swamp_little_tower, uniq_jorgrun
Swamp:2:  layout_falls_marsh, nicolae_swamp_dense_foliage, uniq_frances
Swamp:3:  layout_basic_swamp, evilmike_swamp_ruin_house_6, swamp_pool_3
Swamp:4:  nzn_swamp_witches_coven, layout_basic_swamp, swamp_pool_4
Orc:1:    layout_diamond_mine, uniq_harold
Orc:2:    st_orc_mages, layout_caves, gammafunk_ghost_wrathful_warriors

Skill      XL: |  1  2  3  4  5  6  7  8  9 10 11 12 13 14 15 |
---------------+----------------------------------------------+-----
Throwing       | 1 2 3 4 6 7 8 |  8.7
Axes           | 3 4 6 9 12 | 12.2
Fighting       | 4 5 6 7 8 9 10 11 12 13 14 | 14.4
Polearms       | 2 3 5 7 9 11 | 11.6
Ranged Weapons | 1 3 4 7 9 10 11 12 | 12.9
Invocations    | 1 3 5 6 8 9 10 | 10.0
Stealth        | 1 3 5 6 7 8 9 |  9.3
Dodging        | 3 5 6 7 |  7.9
Shields        | 5 7 |  7.0
Evocations     | 2 4 5 6 |  6.5
Armour         | |  3.6

Action                     |  1- 3 |  4- 6 |  7- 9 | 10-12 | 13-15 || total
---------------------------+-------+-------+-------+-------+-------++-------
  Melee: War axe           |    48 |    92 |       |     4 |   381 ||   525
         Headbutt          |     6 |    21 |    37 |   138 |   177 ||   379
         Lance             |       |    64 |   239 |   722 |   391 ||  1416
   Fire: Orcbow            |       |    27 |    29 |       |       ||    56
         Hand cannon       |       |       |       |       |   119 ||   119
  Throw: Stone             |     5 |       |       |       |       ||     5
         Throwing net      |       |     2 |       |       |       ||     2
         Boomerang         |       |       |     2 |    65 |    56 ||   123
         Dart              |       |       |       |     2 |     1 ||     3
         Javelin           |       |       |       |       |     2 ||     2
 Invoke: Heroism           |       |       |     1 |    17 |     8 ||    26
         Finesse           |       |       |       |     1 |     1 ||     2
         Receive Weapon    |       |       |       |       |     1 ||     1
         Receive Armour    |       |       |       |       |     1 ||     1
         Duel              |       |       |       |       |     2 ||     2
  Evoke: Wand              |       |       |     1 |    16 |    22 ||    39
    Use: Scroll            |     2 |     2 |    12 |     5 |    17 ||    38
         Potion            |     1 |     1 |     3 |     2 |     7 ||    14
   Stab: Sleeping          |       |       |     1 |    29 |    11 ||    41
         Distracted        |       |       |     1 |     2 |     2 ||     5
 Armour: Scale mail        |    39 |   112 |    46 |       |       ||   197
         Skin              |       |    25 |       |       |       ||    25
         Chain mail        |       |       |    45 |       |       ||    45
         Shadow dragon sca |       |       |    29 |   309 |   293 ||   631
         Crystal plate arm |       |       |       |       |   353 ||   353
  Dodge: Dodged            |    28 |    62 |    82 |   106 |   196 ||   474
  Block: Buckler           |    11 |    12 |       |       |       ||    23
         Tower shield      |       |       |       |   363 |   814 ||  1177

Table legend: (Time is in decaauts)
 A = Elapsed time spent in this place.
 B = Non-inter-level travel time spent in this place.
 C = Inter-level travel time spent in this place.
 D = Time resting spent in this place.
 E = Time spent auto-exploring this place.
 F = Levels seen in this place.
 G = Mean time per level.
                   A        B        C        D        E       F      G
               +--------+--------+--------+--------+--------+-----+--------+
         Total |  28877 |  27029 |   1848 |  10093 |  11730 |  26 | 1110.7 |
       Dungeon |  10801 |   9470 |   1331 |   1750 |   5910 |  11 |  981.9 |
          Lair |   8644 |   8329 |    315 |   3290 |   3575 |   5 | 1728.8 |
         Swamp |   6319 |   6248 |     71 |   3772 |   1416 |   4 | 1579.8 |
  Orcish Mines |   2030 |   1901 |    129 |    738 |    650 |   2 | 1015.0 |
       Ossuary |    336 |    336 |      0 |     26 |    161 |   1 |  336.0 |
      Ice Cave |    692 |    692 |      0 |    482 |     18 |   1 |  692.0 |
         Arena |     53 |     53 |      0 |     34 |      0 |   2 |   26.5 |
               +--------+--------+--------+--------+--------+-----+--------+

Top non-repeatable levels by time:
  Lair:5: 2908 daAuts
  Lair:4: 2446 daAuts
 Swamp:4: 2016 daAuts
 Swamp:1: 1818 daAuts
 Swamp:3: 1694 daAuts
  Lair:2: 1654 daAuts
     D:4: 1631 daAuts
     D:9: 1527 daAuts
   Orc:1: 1174 daAuts
    D:10: 1154 daAuts
     D:6: 1074 daAuts
     D:1: 1045 daAuts
     D:5: 991 daAuts
     D:3: 893 daAuts
  Lair:1: 880 daAuts
